 Dungeon Crawl Stone Soup version 0.28.0-43-g3370ac3207 (webtiles) character file.

Game seed: 5077416716156402280

1458 Revguard the Skirmisher (level 8, -1/62 HPs)
             Began as a Demonspawn Fighter on Mar 9, 2022.
             Was an Initiate of Yredelemnul.
             Shot with an arrow by a centaur (8 damage)
             ... on level 6 of the Dungeon.
             The game lasted 00:13:27 (6823 turns).

Revguard the Skirmisher (Demonspawn Fighter)        Turns: 6823, Time: 00:13:27

Health: -1/62      AC:  7    Str: 22    XL:     8   Next: 47%
Magic:  0/11       EV: 11    Int: 11    God:    Yredelemnul [......]
Gold:   275        SH:  9    Dex: 12    Spells: 7/7 levels left

rFire   . . .      SeeInvis .   e - +3 broad axe "Vekuusk" {venom, rPois rF- Str+4}
rCold   . . .      Faith    .   c - +0 buckler
rNeg    . . .      Spirit   +   i - +1 ring mail {rF+}
rPois   +          Reflect  .   (no helmet)
rElec   .          Harm     .   (no cloak)
rCorr   +          Rampage  .   (no gloves)
Will    .....                   (no boots)
Stlth   +.........              (no amulet)
HPRegen 0.20/turn               b - ring of resist corrosion
MPRegen 0.24/turn               (no ring)

@: brilliant, invisible, very slow
A: magic shield, magic regeneration, condensation shield
a: Renounce Religion, Recall Undead Harvest


You were on level 6 of the Dungeon.
You worshipped Yredelemnul.
Yredelemnul was noncommittal.
You visited 2 branches of the dungeon, and saw 7 of its levels.

You collected 275 gold pieces.

Inventory:

Hand Weapons
 a - a +0 war axe
 e - the +3 broad axe "Vekuusk" (weapon) {venom, rPois rF- Str+4}
   (You acquired it on level 2 of the Dungeon)

   It poisons the flesh of those it strikes.
   Str:       It affects your strength (+4).
   rF:        It makes you vulnerable to fire.
   rPois:     It protects you from poison.
Armour
 c - a +0 buckler (worn)
 i - a +1 ring mail of fire resistance (worn)
Jewellery
 b - a ring of resist corrosion (left hand)
 h - a ring of ice
Scrolls
 j - 2 scrolls of noise
 l - a scroll of magic mapping
 n - a scroll of fog
 r - a scroll of identify
Potions
 d - 2 potions of might
 k - a potion of brilliance
 m - a potion of attraction
 o - 3 potions of haste {unknown}
 p - a potion of invisibility
 q - a potion of cancellation {unknown}


   Skills:
 + Level 5.3 Fighting
 + Level 4.2 Axes
 + Level 4.8 Armour
 + Level 3.7 Dodging
 + Level 4.8 Shields
 * Level 4.6 Invocations


You had 7 spell levels left.
You didn't know any spells.
Your spell library contained the following spells:

 Spells                   Type           Power      Damage    Failure   Level
 Foxfire                  Conj/Fire      0%         2x1d4     58%         1
 Summon Small Mammal      Summ           0%         N/A       58%         1
 Sublimation of Blood     Necr           0%         N/A       73%         2
 Wereblood                Tmut           0%         N/A       73%         2
 Call Canine Familiar     Summ           0%         N/A       91%         3
 Conjure Flame            Conj/Fire      0%         6-21      91%         3
 Inner Flame              Hex/Fire       0%         N/A       91%         3
 Summon Guardian Golem    Hex/Summ       0%         N/A       91%         3
 Flame Wave               Conj/Fire      0%         2d4       100%        4
 Summon Hydra             Summ           0%         N/A       100%        7


Dungeon Overview and Level Annotations

Branches:
Dungeon (6/15)             Temple (1/1) D:4

Altars:
Ashenzari
Dithmenos
Elyvilon
Fedhas
Gozag
Hepliaklqana
Makhleb
Nemelex Xobeh
Okawaru
Qazlal
Ru
Trog
Vehumet
Wu Jian
Yredelemnul
Zin
The Shining One

Shops:
D:4 [   D:5 ?


Innate Abilities, Weirdness & Mutations

When hurt, damage is shared between your health and your magic reserves.
You regenerate magic rapidly.
A meltable shield of frost defends you. (SH +4)


Message History

Your +0 ring mail of fire resistance glows green for a moment.
The centaur shoots an arrow.
You block the arrow.
The centaur shoots an arrow.
The arrow hits you.
You aren't carrying any items that you can evoke.
Unknown command.
The centaur shoots an arrow.
The arrow hits you.
* * * LOW HITPOINT WARNING * * *
Things that are here:
a +0 shortbow; 25 arrows The centaur shoots an arrow.
You block the arrow.
The centaur shoots an arrow.
You block the arrow.
The centaur shoots an arrow.
The arrow completely misses you.
The centaur shoots an arrow.
You block the arrow.
The centaur shoots an arrow.
The arrow closely misses you.
The centaur shoots an arrow.
You block the arrow.
The centaur shoots an arrow.
The arrow hits you!
* * * LOW HITPOINT WARNING * * *
The centaur shoots an arrow.
You block the arrow.
The centaur shoots an arrow.
You block the arrow.
The centaur shoots an arrow.
The arrow closely misses you.
The centaur shoots an arrow.
The arrow hits you!
* * * LOW HITPOINT WARNING * * *
The centaur shoots an arrow.
You block the arrow.
The centaur shoots an arrow.
The arrow hits you.
* * * LOW HITPOINT WARNING * * *
The centaur shoots an arrow.
The arrow barely misses you.
You feel better.
The centaur shoots an arrow.
The arrow misses you.
You fade into invisibility!
The centaur shoots an arrow.
The arrow hits you.
* * * LOW HITPOINT WARNING * * *
Found 21 stones.
The centaur shoots an arrow.
The arrow barely misses you.
The centaur shoots an arrow.
The arrow hits you.
* * * LOW HITPOINT WARNING * * *
The centaur shoots an arrow.
The arrow closely misses you.
The centaur shoots an arrow.
You block the arrow.
It was a potion of brilliance.
You feel clever all of a sudden.
The centaur shoots an arrow.
The arrow hits you!
You die...
Your body rises from the dead as a mindless zombie.

#..... .................
...... ...............(.
...... ..................
...... ...............#.#
#..... ...#≈≈≈≈≈≈≈≈≈≈≈≈≈
#..... ###.#≈≈≈≈≈≈≈≈≈≈≈≈≈
#..... #....≈≈≈≈≈≈≈≈≈≈≈≈≈
###### #.$≈≈≈≈≈@≈≈≈≈≈≈≈
#..≈≈≈≈≈≈≈≈≈≈≈≈≈
#.$≈≈≈≈≈...≈≈≈≈≈ ########
#..≈≈≈≈≈c..≈≈≈≈≈ ........
##+#..≈≈≈≈≈...≈≈≈≈≈ ........
......≈≈≈≈≈≈≈≈≈≈≈≈≈ ........
......≈)≈≈≈≈≈≈≈≈≈≈≈ ........
......≈≈≈≈≈≈≈≈≈≈≈≈≈.........
.....#≈≈≈≈≈≈≈≈≈≈≈≈≈.........


You could see a centaur.

Vanquished Creatures
  A sky beast (D:5)
  A black bear (D:3)
  An ogre (D:4)
  3 centaurs (D:6)
  2 scorpions
  2 wyvern skeletons
  A centaur zombie (D:6)
  A bullfrog zombie (D:5)
  A hound (D:5)
  4 orc priests
  A bullfrog skeleton (D:6)
  2 jellies
  Jessica (D:3)
  Terence (D:3)
  An orc wizard (D:4)
  Natasha (thrice) (D:3)
  3 iguanas
  2 gnolls (D:5)
  6 adders
  A shadow imp (D:6)
  A worm (D:2)
  4 dart slugs
  20 orcs
  8 ball pythons
  2 endoplasms (D:3)
  2 giant cockroaches (D:3)
  5 goblins
  5 hobgoblins
  A quokka (D:2)
  7 bats
  4 frilled lizards
  5 kobolds
  4 rats (D:3)
106 creatures vanquished.

Vanquished Creatures (collateral kills)
  A bullfrog skeleton (D:5)
  A gnoll (D:5)
2 creatures vanquished.

Vanquished Creatures (others)
  A centaur zombie (D:6)
  An orc zombie (D:4)
2 creatures vanquished.

Grand Total: 110 creatures vanquished

Notes
Turn   | Place    | Note
-------+----------+-------------------------------------------
     0 | D:1      | Revguard the Demonspawn Fighter began the quest for the
                  | Orb.
     0 | D:1      | Reached XP level 1. HP: 18/18 MP: 1/1
   251 | D:1      | Gained mutation: You regenerate magic rapidly. [demonic
                  | ancestry]
   251 | D:1      | Reached XP level 2. HP: 24/24 MP: 2/2
  1036 | D:2      | Reached XP level 3. HP: 22/29 MP: 3/3
  1037 | D:2      | Identified a scroll of acquirement
  1037 | D:2      | Acquired the +3 broad axe "Vekuusk" {venom, rPois rF-
                  | Str+4}
  1393 | D:2      | Reached skill level 1 in Dodging
  2170 | D:3      | Gained mutation: A meltable shield of frost defends you.
                  | (SH +4) [demonic ancestry]
  2170 | D:3      | Reached XP level 4. HP: 18/35 MP: 4/4
  2421 | D:3      | Noticed Terence
  2421 | D:3      | Noticed Jessica
  2430 | D:3      | Killed Jessica
  2435 | D:3      | Killed Terence
  2436 | D:3      | Reached XP level 5. HP: 15/42 MP: 5/5
  3131 | D:3      | Noticed a black bear
  3139 | D:3      | Killed a black bear
  3140 | D:3      | Reached skill level 4 in Fighting
  3140 | D:3      | Gained mutation: When hurt, damage is shared between your
                  | health and your magic reserves. [demonic ancestry]
  3140 | D:3      | Reached XP level 6. HP: 39/48 MP: 6/6
  3359 | D:3      | Noticed Natasha
  3362 | D:3      | Killed Natasha
  3539 | D:3      | Noticed Natasha
  3545 | D:3      | Killed Natasha
  3600 | D:3      | Noticed Natasha
  3605 | D:3      | Killed Natasha
  4159 | D:4      | Found Kylopaf's Armour Emporium.
  4164 | D:4      | Found a staircase to the Ecumenical Temple.
  4179 | D:4      | Reached XP level 7. HP: 42/55 MP: 4/7
  4191 | Temple   | Entered the Ecumenical Temple
  4470 | Temple   | Became a worshipper of Yredelemnul the Dark
  5027 | D:5      | Entered Level 5 of the Dungeon
  5048 | D:5      | Reached skill level 1 in Invocations
  5262 | D:5      | Reached * piety under Yredelemnul
  5329 | D:5      | Found Unomn's Magic Scroll Emporium.
  5689 | D:5      | Reached XP level 8. HP: 56/61 MP: 10/10
  5779 | D:5      | Found a broken altar of Ashenzari.
  5822 | D:5      | Reached skill level 5 in Fighting
  6823 | D:6      | Shot with an arrow by a centaur

Illustrated notes

Levels and vault maps discovered:
D:1:      lightli_arrival_chessboard, layout_basic
D:2:      layout_basic
D:3:      minmay_door_path, layout_basic, minmay_snake_closets, uniq_natasha,
          uniq_terence, uniq_jessica
D:4:      layout_loops_corners, minmay_temple_entry_waves, serial_shops, shop
D:5:      layout_loops_corners, nicolae_ashenzari_skybound, serial_shops, shop,
          minmay_misc_feat_tiny
D:6:      nicolae_whirlpool, layout_basic, old_standard_altar, led_sif_pool,
          uniq_duvessa
Temple:   regret_index_temple_generic_petals

Skill      XL: |  1  2  3  4  5  6  7  8 |
---------------+-------------------------+-----
Axes           | 2 3 4 |  4.2
Armour         | 3 4 |  4.8
Shields        | 3 4 |  4.8
Dodging        | 1 2 3 |  3.7
Fighting       | 4 5 |  5.3
Invocations    | 3 4 |  4.6

Action                   |  1- 3 |  4- 6 |  7- 9 || total
-------------------------+-------+-------+-------++-------
Melee: War axe           |    50 |       |       ||    50
       Broad axe         |    26 |   111 |    78 ||   215
Invok: Recall Undead Har |       |       |     2 ||     2
  Use: Scroll            |     3 |     5 |     4 ||    12
       Potion            |     1 |       |     4 ||     5
 Stab: Invisible         |     3 |       |       ||     3
Armor: Scale mail        |    48 |    10 |       ||    58
       Ring mail         |       |    23 |    27 ||    50
Dodge: Dodged            |    47 |    76 |    63 ||   186
Block: Buckler           |    25 |    67 |    68 ||   160
